 Dungeon Crawl Stone Soup version 0.28.0-43-g3370ac3207 (webtiles) character file.

Game seed: 14331463313960341611

16475 diana the Fighter (level 12, -6/157 HPs)
             Began as a Demonspawn Gladiator on Mar 20, 2022.
             Was a Priest of Ashenzari.
             Mangled by a minotaur
             ... wielding a +3 glaive of venom
              (17 damage)
             ... in a Gauntlet.
             The game lasted 00:43:01 (21554 turns).

diana the Fighter (Demonspawn Gladiator)           Turns: 21554, Time: 00:43:02

Health: -6/157     AC: 29    Str: 19    XL:     12   Next: 10%
Magic:  0/12       EV:  2    Int: 15    God:    Ashenzari [***...]
Gold:   509        SH:  6    Dex: 18    Spells: 7/11 levels left

rFire   . . .      SeeInvis +     - Unarmed
rCold   . . .      Faith    .   f - +1 buckler {AC+3}
rNeg    . . .      Spirit   +   (armour currently unavailable)
rPois   +          Reflect  .   (helmet currently unavailable)
rElec   .          Harm     .   (cloak currently unavailable)
rCorr   +          Rampage  .   (gloves currently unavailable)
Will    .....      Clarity  +   (boots currently unavailable)
Stlth   +++....... NoTele   +   (no amulet)
HPRegen 0.36/turn               z - +6 ring of intelligence
MPRegen 0.26/turn               l - ring of the Astrological Yoke {rCorr, Bglg, Elem} (curse)

@: mighty, lethally poisoned (-6 -> -10), tree-form, on berserk cooldown,
slowed, very slow
A: stationary, stasis, torment immunity, boosted hp, thin skeletal structure 1,
(spiny 2), magic shield, magic regeneration, (weakness stinger 2)
a: Renounce Religion, Shatter the Chains


You were in a Gauntlet.
You worshipped Ashenzari.
Ashenzari was most pleased with you.
You were a tree.
You visited 3 branches of the dungeon, and saw 14 of its levels.
You also visited: Ossuary and Gauntlet.

You collected 554 gold pieces.
You spent 45 gold pieces at shops.

Inventory:

Missiles
 c - 3 throwing nets (quivered)
Armour
 b - the cursed +0 helmet "Ruined With Me" (melded) {Range, Comp}

   It has a curse which improves the following skills: Ranged Combat: Slings,
   Bows, Crossbows and Throwing.
   Companions: Summonings and Necromancy.
 f - a +1 buckler of protection (worn)
 y - the cursed +2 leather armour "Sun of the Cryptic God" (melded) {rC+, Bglg, Fort}
   (You took it off Eustachio on level 5 of the Dungeon)

   It has a curse which improves the following skills: Beguiling: Conjurations,
   Hexes and Translocations.
   Fortitude: Armour and Shields.
 G - the cursed +2 pair of gloves "Thunder Perfect Mind" (melded) {Dex+3, Melee, Evo}
   (You found it on level 8 of the Dungeon)

   It has a curse which improves the following skills: Melee Combat: Short
   Blades, Long Blades, Axes, Maces & Flails, Polearms, Staves and Unarmed
   Combat.
   Evocations: Evocations.
 H - the cursed +1 cloak of Supernal Knowledge (melded) {Cun, Elem}
   (You found it on level 9 of the Dungeon)

   It has a curse which improves the following skills: Cunning: Dodging and
   Stealth.
   Elements:  Fire Magic, Ice Magic, Air Magic and Earth Magic.
 L - a +0 pair of gloves of infusion
Jewellery
 l - the cursed ring of the Astrological Yoke (right branch) {rCorr, Bglg, Elem}
   (You took it off an orc on level 5 of the Dungeon)

   [ring of resist corrosion]

   rCorr:     It protects you from acid and corrosion.
   It has a curse which improves the following skills: Beguiling: Conjurations,
   Hexes and Translocations.
   Elements:  Fire Magic, Ice Magic, Air Magic and Earth Magic.
 p - a ring of positive energy
 z - a +6 ring of intelligence (left branch)
Wands
 q - a wand of iceblast (40)
 r - a wand of acid (3)
 A - a wand of paralysis (5)
Scrolls
 e - 18 scrolls of identify
 g - a scroll of blinking
 i - a scroll of silence
 j - 2 scrolls of enchant weapon
 k - 5 scrolls of teleportation
 m - 2 scrolls of vulnerability
 o - 2 scrolls of immolation
 s - a scroll of holy word
 t - 3 scrolls of amnesia
 u - 2 scrolls of magic mapping
 B - 2 scrolls of enchant armour
 J - a scroll of brand weapon
 K - a scroll of fog
Potions
 a - 3 potions of mutation
 d - a potion of lignification
 h - 2 potions of curing
 n - 2 potions of magic
 v - a potion of berserk rage
 w - 3 potions of attraction
 x - 3 potions of haste
 C - 3 potions of brilliance
 D - a potion of might
 E - 7 potions of ambrosia
 F - 2 potions of cancellation
 I - a potion of flight


   Skills:
 * Level 13.6 Fighting
 - Level 1.7 Throwing
 + Level 7.7 Armour
 + Level 6.0 Dodging
 - Level 4.0 Shields
 + Level 9.2 Unarmed Combat


You had 7 spell levels left.
You knew the following spells:

 Your Spells              Type           Power      Damage    Failure   Level
a - Ice Form              Ice/Tmut       0%         N/A       97%         4

Your spell library contained the following spells:

 Spells                   Type           Power      Damage    Failure   Level
 Apportation              Tloc           0%         N/A       32%         1
 Shock                    Conj/Air       0%         1d3       32%         1
 Animate Skeleton         Necr           0%         N/A       34%         1
 Summon Small Mammal      Summ           0%         N/A       34%         1
 Blink                    Tloc           0%         N/A       43%         2
 Lesser Beckoning         Tloc           0%         N/A       67%         3
 Swiftness                Air            0%         N/A       67%         3
 Airstrike                Air            0%         N/A       97%         4
 Hailstorm                Conj/Ice       0%         3d3       97%         4
 Summon Ice Beast         Ice/Summ       0%         N/A       97%         4
 Alistair's Intoxication  Tmut/Pois      0%         N/A       100%        5
 Manifold Assault         Tloc           0%         N/A       100%        5
 Summon Mana Viper        Hex/Summ       0%         N/A       100%        5
 Simulacrum               Ice/Necr       0%         N/A       100%        6
 Monstrous Menagerie      Summ           0%         N/A       100%        7


Dungeon Overview and Level Annotations

Branches:
Dungeon (11/15)            Temple (1/1) D:4            Lair (2/6) D:10
  Swamp (0/4) Lair:2        Snake (0/4) Lair:2      Ossuary (visited)
Gauntlet (1/1)
    Orc: D:9-12

Altars:
Ashenzari
Cheibriados
Dithmenos
Elyvilon
Fedhas
Gozag
Hepliaklqana
Kikubaaqudgha
Makhleb
Nemelex Xobeh
Okawaru
Qazlal
Ru
Sif Muna
Trog
Uskayaw
Vehumet
Wu Jian
Xom
Yredelemnul
Zin
The Shining One

Shops:
D:5 [*((:

Annotations:
D:3 1 runed translucent door, Crazy Yiuf
D:11 Fannar, Joseph
Lair:1 exclusion: oklob plant Gauntlet 6 transporters, 3 runed translucent doors


Innate Abilities, Weirdness & Mutations

You are a tree.
Your roots penetrate the ground, keeping you stationary.
You cannot be teleported.
You are immune to unholy pain and torment.
Your maximum health is greatly increased.
Your equipment is partially melded.
You have a somewhat thin skeletal structure. (Dex +2, Stealth+)
((You are mostly covered in sharp spines.))
When hurt, damage is shared between your health and your magic reserves.
You regenerate magic rapidly.
((You have a tail ending in a sharp stinger.))


Message History

The minotaur is lightly wounded.
You feel sick.
The minotaur hits you with a +3 glaive of venom!
You are more poisoned.
The minotaur gores you but does no damage.
You block the minotaur's attack.
The minotaur gores you but does no damage.
Really quaff the potion of lignification?
You turn into a tree.
The cursed +1 cloak of Supernal Knowledge {Cun, Elem} melds into your body.
The cursed +0 helmet "Ruined With Me" {Range, Comp} melds into your body.
The cursed +2 pair of gloves "Thunder Perfect Mind" {Dex+3, Melee, Evo} melds into your body.
The cursed +2 leather armour "Sun of the Cryptic God" {rC+, Bglg, Fort} melds into your body.
You feel clumsy.
You feel less resistant to cold.
Your roots penetrate the ground.
You feel very sick.
The minotaur hits you with a +3 glaive of venom!
The minotaur gores you but does no damage.
Unknown command.
Unknown command.
You feel very mighty all of a sudden.
You feel very sick.
The minotaur hits you but does no damage.
The minotaur gores you!
The minotaur hits you with a +3 glaive of venom!!
The minotaur gores you!
* * * LOW HITPOINT WARNING * * *
You hit the minotaur but do no damage.
The minotaur is lightly wounded.
You feel very sick.
The minotaur hits you with a +3 glaive of venom!!
* * * LOW HITPOINT WARNING * * *
The minotaur gores you!
* * * LOW HITPOINT WARNING * * *
Unknown command.
You pummel the minotaur!!
The minotaur is moderately wounded.
You feel sick.
The minotaur hits you with a +3 glaive of venom!!
You die...

................*
###.###.###.####
###.###.###.##
#.............#
#.###.###.###.#
#.###.###.###.#
#.............#
#######'######
#..♣..# ###H### *
... ≈≈∩≈≈*
#≈≈≈≈≈# #######


You could see a minotaur.

Vanquished Creatures
  A hydra (Lair:2)
  A two-headed ogre (D:10)
  A tengu warrior (Gauntlet)
  A manticore (D:8)
  2 centaur zombies (D:10)
  2 black mambas (Lair:2)
  A cane toad (Lair:1)
  Psyche (D:7)
  2 komodo dragons (Lair:1)
  A tengu conjurer (Gauntlet)
  An efreet (Gauntlet)
  A troll (D:9)
  3 meliai (D:10)
  A queen bee (D:10)
  A wraith (D:10)
  2 vampires
  11 yaks (D:10)
  A large abomination (Gauntlet)
  3 fire elementals (Gauntlet)
  Eustachio (D:5)
  A steam dragon (D:10)
  A basilisk (Lair:1)
  Menkaure (D:6)
  4 small abominations (Gauntlet)
  10 water moccasins
  Edmund (D:5)
  3 hell hounds (Gauntlet)
  5 orc warriors
  2 sky beasts
  3 black bears
  2 ice beasts (D:7)
  3 necrophages
  3 ogres
  3 centaurs
  A phantom (D:6)
  3 kobold brigands
  A gnoll sergeant (D:8)
  5 bullfrogs
  2 scorpions
  3 water moccasin zombies (Ossuary)
  2 water moccasin skeletons (D:5)
  40 killer bees
  A wight (D:10)
  An electric eel (D:10)
  A howler monkey (D:5)
  A bullfrog zombie (D:5)
  2 hounds (D:4)
  A jelly (D:4)
  A bullfrog skeleton (D:5)
  4 orc priests
  2 centaur skeletons
  An iguana (D:5)
  10 orc wizards
  2 mummies (Ossuary)
  Robin (D:2)
  5 gnolls
  2 adders
  4 white imps
  2 adder zombies (Ossuary)
  A worm (D:3)
  4 dart slugs
  30 orcs
  3 bats
  7 endoplasms
  3 giant cockroaches
  12 goblins
  14 hobgoblins
  6 jackals
  16 kobolds
  2 quokkas (D:2)
  8 ball pythons
  3 gnoll zombies (Ossuary)
  2 goblin zombies (D:7)
  6 hobgoblin zombies (Ossuary)
  2 kobold zombies (Ossuary)
  An orc zombie (Ossuary)
  6 rats
304 creatures vanquished.

Vanquished Creatures (others)
  A sky beast (D:7)
  3 fungi (Lair:2)
  6 plants (Lair:2)
10 creatures vanquished.

Grand Total: 314 creatures vanquished

Notes
Turn   | Place    | Note
-------+----------+-------------------------------------------
     0 | D:1      | diana the Demonspawn Gladiator began the quest for the Orb.
     0 | D:1      | Reached XP level 1. HP: 16/16 MP: 1/1
   194 | D:1      | Gained mutation: You regenerate magic rapidly. [demonic
                  | ancestry]
   194 | D:1      | Reached XP level 2. HP: 20/23 MP: 2/2
   734 | D:1      | Reached skill level 3 in Fighting
  1020 | D:1      | Reached XP level 3. HP: 23/29 MP: 3/3
  1542 | D:2      | Noticed Robin
  2432 | D:2      | Killed Robin
  2600 | D:2      | Found a faded altar of an unknown god.
  3113 | D:3      | Gained mutation: You have a small tail. [demonic ancestry]
  3113 | D:3      | Reached XP level 4. HP: 37/37 MP: 4/4
  3536 | D:3      | Found a runed translucent door.
  3537 | D:3      | Noticed Crazy Yiuf
  3703 | D:3      | Reached skill level 4 in Fighting
  4383 | D:4      | Reached XP level 5. HP: 40/43 MP: 5/5
  4446 | D:4      | Found a staircase to the Ecumenical Temple.
  4473 | Temple   | Entered the Ecumenical Temple
  4522 | Temple   | Became a worshipper of Ashenzari the Shackled
  4827 | D:4      | Reached skill level 5 in Fighting
  5362 | D:5      | Entered Level 5 of the Dungeon
  5393 | D:5      | Found Yfejea's Weapon Shop.
  5920 | D:5      | Gained mutation: You are partially covered in sharp spines.
                  | [demonic ancestry]
  5920 | D:5      | Reached XP level 6. HP: 23/51 MP: 6/6
  6239 | D:5      | Noticed Eustachio
  6285 | D:5      | Killed Eustachio
  6286 | D:5      | Reached skill level 6 in Fighting
  6444 | D:5      | Gained mutation: When hurt, damage is shared between your
                  | health and your magic reserves. [demonic ancestry]
  6444 | D:5      | Reached XP level 7. HP: 59/59 MP: 7/7
  6470 | D:5      | Found Joixe's Armour Emporium.
  6673 | D:5      | Found Milutyam's General Store.
  6680 | D:5      | Bought a potion of curing for 45 gold pieces
  6767 | D:5      | Reached skill level 5 in Unarmed Combat
  6790 | D:5      | Reached skill level 7 in Fighting
  6792 | D:5      | Reached skill level 1 in Armour
  6792 | D:5      | Found Seojoty's Weapon Boutique.
  6792 | D:5      | Noticed Edmund
  6809 | D:5      | Killed Edmund
  6898 | D:5      | Reached XP level 8. HP: 18/67 MP: 3/8
  7349 | D:5      | Found Ummepuga's Book Shoppe.
  7872 | D:6      | Found an iron altar of Okawaru.
  7914 | D:6      | Reached * piety under Ashenzari
  7953 | D:6      | Reached skill level 8 in Fighting
  7985 | D:6      | HP: 3/68 [poisoned by a scorpion]
  8645 | D:6      | Noticed Menkaure
  8655 | D:6      | Killed Menkaure
  8658 | D:6      | Reached skill level 9 in Fighting
  8999 | D:6      | Reached XP level 9. HP: 25/76 MP: 6/9
  9322 | D:6      | Reached ** piety under Ashenzari
  9324 | D:6      | Found a blossoming altar of Fedhas.
  9324 | D:6      | Found an ornate altar of the Wu Jian Council.
  9324 | D:6      | Found a hide-covered altar of Uskayaw.
  9325 | D:6      | Found a shimmering blue altar of Sif Muna.
  9881 | D:7      | Reached skill level 1 in Shields
  9959 | D:7      | Noticed a two-headed ogre
 10428 | D:7      | Found a sand-covered staircase.
 10447 | Ossuary  | Entered an ossuary
 10709 | D:7      | Identified the +8 great mace of Bloodstone {antimagic,
                  | rElec rCorr Str-5 Int+7}
 10810 | D:7      | Reached skill level 10 in Fighting
 10999 | D:7      | Reached *** piety under Ashenzari
 11117 | D:8      | Noticed Psyche
 11257 | D:7      | Killed Psyche
 11716 | D:8      | Noticed a manticore
 12001 | D:7      | Reached skill level 5 in Armour
 12341 | D:7      | Learned a level 4 spell: Ice Form
 12489 | D:8      | Gained mutation: You are mostly covered in sharp spines.
                  | [demonic ancestry]
 12489 | D:8      | Reached XP level 10. HP: 78/86 MP: 8/10
 13655 | D:8      | Killed a manticore
 13656 | D:8      | Reached skill level 11 in Fighting
 15631 | D:10     | Entered Level 10 of the Dungeon
 15638 | D:10     | Noticed a two-headed ogre
 16473 | D:10     | Gained mutation: You have a tail ending in a sharp stinger.
                  | [demonic ancestry]
 16473 | D:10     | Reached XP level 11. HP: 80/95 MP: 11/11
 16477 | D:10     | Reached skill level 12 in Fighting
 16981 | D:10     | Found a staircase to the Lair.
 17164 | D:10     | HP: 2/96 [two-headed ogre/+0 giant club (17)]
 17171 | D:10     | Killed a two-headed ogre
 18187 | D:11     | Noticed Joseph
 18187 | D:11     | Noticed Fannar
 18939 | Lair:1   | Entered Level 1 of the Lair of Beasts
 19027 | Lair:1   | Reached skill level 5 in Dodging
 19540 | Lair:1   | Found a broken altar of Ashenzari.
 19540 | Lair:1   | Noticed an oklob plant
 19653 | Lair:1   | Reached **** piety under Ashenzari
 20293 | Lair:2   | Reached skill level 13 in Fighting
 20296 | Lair:2   | Found a staircase to the Snake Pit.
 20330 | Lair:2   | Noticed a four-headed hydra
 20341 | Lair:2   | Killed a four-headed hydra
 20352 | Lair:2   | Found a gate leading to a gauntlet.
 20363 | Gauntlet | Entered a Gauntlet
 20363 | Gauntlet | Found a transporter.
 20363 | Gauntlet | Found a transporter.
 20363 | Gauntlet | Found a runed translucent door.
 20363 | Gauntlet | Found a runed translucent door.
 20363 | Gauntlet | Found a runed translucent gate.
 20372 | Gauntlet | Noticed a wizard
 20607 | Gauntlet | Found a runed translucent gate.
 20618 | Gauntlet | Found a runed translucent gate.
 20625 | Gauntlet | Found a transporter.
 20629 | Gauntlet | Found a transporter.
 20637 | Gauntlet | Found a transporter.
 20643 | Gauntlet | Found a transporter.
 20654 | Gauntlet | Found a transporter.
 20664 | Gauntlet | Found a runed translucent door.
 20669 | Gauntlet | Found a transporter.
 20670 | Gauntlet | Noticed a death drake
 20682 | Gauntlet | Found a transporter.
 20686 | Gauntlet | Found a transporter.
 20686 | Gauntlet | Noticed a tengu warrior
 20694 | Gauntlet | Found a transporter.
 20698 | Gauntlet | Found a transporter.
 21053 | Gauntlet | Killed a tengu warrior
 21061 | Gauntlet | Gained mutation: You have a somewhat thin skeletal
                  | structure. (Dex +2, Stealth+) [demonic ancestry]
 21061 | Gauntlet | Reached XP level 12. HP: 74/105 MP: 10/12
 21539 | Gauntlet | Identified the +1 helmet "Syigh" {rN+ rCorr Str+4}
 21539 | Gauntlet | Noticed a minotaur
 21554 | Gauntlet | Mangled by a minotaur

Illustrated notes

Levels and vault maps discovered:
D:1:      onia_arrival_pyramid, layout_loops_corners
D:2:      layout_rooms, basic_altar, hellmonk_ecumenical_altar_heavens_door,
          palyth_stone_intersect, uniq_robin
D:3:      cheibrodos_greedy_goblins, layout_loops_ring, uniq_crazy_yiuf_cottage
D:4:      layout_cave_pools, temple_statues
D:5:      layout_basic, serial_shops, nicolae_square_shop,
          nicolae_shop_hallway_plus, nicolae_shop_window_shopping,
          nicolae_square_shop, nicolae_shop_bloodbath_and_beyond,
          water_maze_lemuel, uniq_edmund, uniq_eustachio
D:6:      layout_basic, pf_just_have_faith, grunt_temple_overflow_open,
          uniq_menkaure
D:7:      layout_cave_pods, enter_ossuary_4
D:8:      layout_basic, nrook_uturn, st_stairs_14, chequers_serial_rivers_marsh,
          uniq_psyche
D:9:      layout_long_grid, nicolae_tso_swordbearing_angel, nzn_life_drinkers
D:10:     layout_roguey, lair_entry_dummy, special_room [special_room_bee],
          minivault_23, hangedman_abyss_or_decor_passed,
          amcnicky_mini_pool_medium
D:11:     layout_roguey, orc_0_dummy, minmay_sticks_and_stones, uniq_fannar
Temple:   kb_temple_of_zot
Lair:1:   layout_cave_shapes, lemuel_oklob_altar
Lair:2:   layout_layer_cave, minmay_swamp_entry_swarm,
          minmay_snake_entry_six_corridors, gauntlet_entry_generic, basic_altar,
          chequers_serial_rivers_room_b, tgw_fedhas
Gauntlet: minmay_gauntlet_77_indecision [minmay_gauntlet_arena_77_shame_cube,
          minmay_gauntlet_arena_77_run_for_it,
          minmay_gauntlet_arena_77_block_sizes,
          minmay_gauntlet_arena_77_two_lines, minmay_gauntlet_arena_77_path,
          minmay_gauntlet_arena_77_chump_sandwich, gauntlet_exit_watery]

Skill      XL: |  1  2  3  4  5  6  7  8  9 10 11 12 |
---------------+-------------------------------------+-----
Unarmed Combat | 3 4 5 6 7 8 9 |  9.2
Fighting       | 3 4 5 6 7 9 10 11 13 | 13.6
Armour         | 1 3 5 6 7 |  7.7
Shields        | 3 4 |  4.0
Dodging        | 4 5 6 |  6.0
Throwing       | |  1.7

Action                   |  1- 3 |  4- 6 |  7- 9 | 10-12 || total
-------------------------+-------+-------+-------+-------++-------
Melee: Unarmed           |   201 |   257 |   291 |   454 ||  1203
       Punch             |     6 |     6 |    23 |    30 ||    65
       Tailslap          |       |    37 |    41 |    81 ||   159
Invok: Curse Item        |       |       |     5 |     2 ||     7
       Shatter the Chain |       |       |       |     2 ||     2
Evoke: Wand              |       |       |       |     5 ||     5
  Use: Potion            |       |       |     1 |    10 ||    11
       Scroll            |       |       |     1 |     4 ||     5
 Stab: Sleeping          |     2 |       |     2 |     1 ||     5
Armor: Leather armour    |    44 |     1 |   114 |   150 ||   309
       Ring mail         |     2 |    69 |       |       ||    71
       Skin              |       |       |       |     2 ||     2
Dodge: Dodged            |   130 |   150 |   197 |   318 ||   795
Block: Buckler           |       |       |       |    10 ||    10
